 Dungeon Crawl Stone Soup version 0.23-a0-490-ge7ea69a (webtiles) character file.

705 zishaf the Digger (level 7, -1/55 HPs)
             Began as a Formicid Earth Elementalist on Dec 3, 2018.
             Succumbed to Edmund's poison
             ... on level 4 of the Dungeon.
             The game lasted 00:11:27 (5165 turns).

zishaf the Digger (Formicid Earth Elementalist)     Turns: 5165, Time: 00:11:28

Health: -1/55      AC:  2    Str: 11    XL:     7   Next: 99%
Magic:  2/10       EV: 12    Int: 18    God:
Gold:   242        SH:  0    Dex: 11    Spells: 6/10 levels left

rFire    . . .     SeeInvis +   l - -3 spear (curse)
rCold    . . .     Gourm    .   (no shield)
rNeg     . . .     Faith    .   c - +0 robe
rPois    .         Spirit   .   (helmet unavailable)
rElec    .         Reflect  .   (no cloak)
rCorr    .         Harm     .   (no gloves)
MR       .....                  (no boots)
Stlth    ++........             (no amulet)
HPRegen  0.18/turn              h - -3 ring of strength (curse)
MPRegen  0.12/turn              g - +3 ring of intelligence

@: lethally poisoned (-1 -> -39)
A: permanent stasis, dig shafts and tunnels, four strong arms, antennae 3
a: Dig, Shaft Self


You were on level 4 of the Dungeon.
You were hungry.

You visited 2 branches of the dungeon, and saw 6 of its levels.

You collected 242 gold pieces.

Inventory:

Hand Weapons
 i - a +0 spear
 l - a cursed -3 spear (weapon)
 m - a +0 blowgun
 u - a +3 quarterstaff of chaos
Missiles
 k - 3 curare-tipped needles
 v - 14 poisoned needles
Armour
 c - a +0 robe (worn)
 f - a +0 chain mail
Jewellery
 g - a +3 ring of intelligence (right hand)
 h - a cursed -3 ring of strength (left hand)
 p - a +1 ring of evasion
Wands
 B - a wand of flame (16)
Scrolls
 a - a scroll of immolation
 j - a scroll of fear
 q - a scroll of remove curse {unknown}
 s - a scroll of teleportation {unknown}
 y - a scroll of enchant weapon {unknown}
 z - 3 scrolls of noise {unknown}
Potions
 e - a potion of cancellation {unknown}
 n - a potion of agility {unknown}
 o - a potion of haste {unknown}
 r - a potion of lignification {unknown}
 t - 2 potions of curing {unknown}
 w - 3 potions of flight {unknown}
 A - a potion of berserk rage {unknown}
Comestibles
 d - 8 rations


   Skills:
 + Level 4.8 Fighting
 * Level 4.9 Polearms
 - Level 2.0 Dodging
 - Level 3.1 Stealth
 - Level 2.1 Spellcasting
 * Level 1.1 Conjurations
   Level 1.1 Transmutations
 + Level 5.5 Earth Magic


You had 6 spell levels left.
You knew the following spells:

 Your Spells              Type           Power        Failure   Level  Hunger
a - Sandblast             Erth           ###...       1%          1    #......
b - Stone Arrow           Conj/Erth      ##....       14%         3    ###....

Your spell library contained the following spells:

 Spells                   Type           Power        Failure   Level  Hunger
 Passwall                 Tmut/Erth      ##......     7%          2    ###....
 Petrify                  Tmut/Erth      ##......     41%         4    #####..
 Lee's Rapid Deconstruct  Erth           ###.......   45%         5    ######.


Dungeon Overview and Level Annotations

Branches:
Dungeon (5/15)             Temple (1/1) D:4

Altars:
Cheibriados
Dithmenos
Elyvilon
Kikubaaqudgha
Makhleb
Nemelex Xobeh
Qazlal
Ru
Sif Muna
Trog
Vehumet
Xom
Yredelemnul
The Shining One
Lugonu

Shops:
D:4 [

Annotations:
D:4 Edmund


Innate Abilities, Weirdness & Mutations

You cannot be hasted, slowed, berserked, paralysed or teleported.
You can dig through walls and to a lower floor.
Your four strong arms can wield two-handed weapons with a shield.
You have a pair of large antennae on your head. (SInv)


Message History

You are more poisoned.
You hit Edmund but do no damage.
Edmund is lightly wounded.
* * * LOW HITPOINT WARNING * * *
You feel sick.
Edmund hits you with a +0 flail of venom.
* * * LOW HITPOINT WARNING * * *
You are more poisoned.
You barely miss Edmund.
Edmund is lightly wounded.
* * * LOW HITPOINT WARNING * * *
You feel sick. Edmund hits you but does no damage.
You are more poisoned.
You hit Edmund but do no damage.
Edmund is lightly wounded.
* * * LOW HITPOINT WARNING * * *
You feel very sick.
You hit Edmund but do no damage.
Edmund is lightly wounded.
You die...

### ##.########
####..........
#.......###### #.##....#
#.###.#.######
##########>............
#.....@@.....##########
#.########.#.# #.#####
##.#.# #.#...###....#
########
##.........#..###.......
#.................#####.
#.^.....##..#.##### #.
#..#....##.....# #.
#..##......##..# #.


You could see Edmund.

Vanquished Creatures
  2 ogres
  A bullfrog (D:4)
  A scorpion (D:4)
  2 crimson imps
  3 hounds
  Crazy Yiuf (D:2)
  A worker ant (D:4)
  A hound skeleton (D:4)
  2 gnolls (D:2)
  6 adders
  A shadow imp (D:4)
  4 oozes (D:3)
  3 worms
  A dart slug (D:1)
  12 orcs
  4 giant cockroaches
  8 goblins
  9 hobgoblins
  6 jackals (D:1)
  2 quokkas
  A ball python (D:3)
  5 bats
  2 frilled lizards
  8 kobolds
  9 rats
  A spectral orc (D:3)
96 creatures vanquished.

Notes
Turn   | Place    | Note
-------+----------+-------------------------------------------
     0 | D:1      | zishaf the Formicid Earth Elementalist began the quest for
                  | the Orb.
     0 | D:1      | Reached XP level 1. HP: 13/13 MP: 3/3
   347 | D:1      | Reached skill level 1 in Fighting
   347 | D:1      | Reached XP level 2. HP: 15/21 MP: 1/5
  1126 | D:1      | Reached XP level 3. HP: 27/27 MP: 2/6
  1730 | D:2      | Learned a level 3 spell: Stone Arrow
  2143 | D:2      | You fall through a shaft for 2 floors!
  2150 | D:4      | Reached XP level 4. HP: 29/35 MP: 7/7
  2225 | D:3      | Reached skill level 1 in Polearms
  2351 | D:3      | Reached skill level 4 in Earth Magic
  2351 | D:3      | Reached XP level 5. HP: 31/41 MP: 0/8
  2817 | D:2      | Found a runed door.
  3004 | D:2      | Noticed Crazy Yiuf
  3035 | D:2      | Killed Crazy Yiuf
  3271 | D:3      | Found a deep blue altar of Sif Muna.
  3287 | D:3      | Found a sacrificial altar of Ru.
  3375 | D:3      | Reached XP level 6. HP: 32/47 MP: 5/9
  3655 | D:3      | Found a basalt altar of Yredelemnul.
  4155 | D:4      | Noticed an ogre
  4161 | D:4      | Killed an ogre
  4169 | D:4      | Found a staircase to the Ecumenical Temple.
  4173 | D:4      | Reached XP level 7. HP: 43/54 MP: 3/10
  4175 | D:4      | Reached skill level 5 in Earth Magic
  4194 | Temple   | Entered the Ecumenical Temple
  4441 | D:4      | Found Tycoish's Antique Armour Shoppe.
  4670 | D:4      | Found a radiant altar of Vehumet.
  4797 | D:4      | Found a shadowy altar of Dithmenos.
  4905 | D:5      | Entered Level 5 of the Dungeon
  5005 | D:5      | Noticed Edmund
  5067 | D:4      | Reached skill level 1 in Conjurations
  5164 | D:4      | HP: 2/55 [poisoned by Edmund]
  5165 | D:4      | Succumbed to Edmund's poison

Vault maps used:
D:1:      minmay_arrival_cross, kennysheep_small_spiral
D:2:      first_ration, uniq_crazy_yiuf_cottage
D:3:      minmay_diamond_boxcup, yredelemnul_forgotten_temple_becter,
          grunt_temple_overflow_open
D:4:      grunt_dithmenos_shadows, vehumet_altar_wand_db,
          minmay_temple_entry_trees, serial_shops,
          nicolae_shop_overgrown_old_shop
D:5:      serial_shops, nicolae_shop_temple_entry_statues_fountains,
          dk_vineyard_3, okawaru_metal_pillars_3, uniq_edmund,
          uniq_prince_ribbit1, uniq_pikel
Temple:   kb_corrupted_temple

Skill      XL: |  1  2  3  4  5  6  7 |
---------------+----------------------+-----
Dodging        | 2 |  2.0
Fighting       | 1 2 3 4 |  4.8
Polearms       | 1 2 3 4 |  4.9
Stealth        | 3 |  3.1
Earth Magic    | 4 5 |  5.5
Conjurations   | 1 |  1.1
Spellcasting   | |  2.1
Transmutations | |  1.1

Action                   |  1- 3 |  4- 6 |  7- 9 || total
-------------------------+-------+-------+-------++-------
Melee: Unarmed           |    16 |       |       ||    16
       Club              |    49 |       |       ||    49
       Spear             |    30 |    26 |    29 ||    85
 Cast: Sandblast         |    23 |    83 |    31 ||   137
       Stone Arrow       |       |       |    11 ||    11
  Use: Scroll            |       |     2 |       ||     2
 Stab: Sleeping          |     3 |     1 |       ||     4
  Eat: Chunk             |     3 |     5 |     4 ||    12
       Ration            |       |     1 |       ||     1
Armor: Robe              |    25 |     2 |     5 ||    32
Dodge: Dodged            |    80 |    29 |    12 ||   121

Table legend:
 A = Non-vault XP
 B = Vault XP
 C = Vault XP percentage of total XP
 D = Non-vault monster count
 E = Vault monster count
 F = Vault count percentage of total count
                 A         B        C        D         E       F
            +---------+---------+-------+---------+---------+-------
      Total |     864 |     144 |  14.3 |      83 |      13 |  13.5
            +---------+---------+-------+---------+---------+-------
        D:1 |      35 |       0 |   0.0 |      19 |       0 |   0.0
        D:2 |      79 |      41 |  34.2 |      18 |       1 |   5.3
        D:3 |     125 |      90 |  41.9 |      26 |      10 |  27.8
        D:4 |     494 |      13 |   2.6 |      17 |       2 |  10.5
        D:5 |     131 |       0 |   0.0 |       3 |       0 |   0.0
            +---------+---------+-------+---------+---------+-------
